 Dungeon Crawl Stone Soup version 0.22.1-1-ga44c0e5 (webtiles) character file.

35 Jamjie98 the Firebug (level 3, -1/26 HPs)
             Began as a Draconian Fire Elementalist on Sept 30, 2018.
             Shot with an arrow by a centaur (13 damage)
             ... on level 2 of the Dungeon.
             The game lasted 00:08:39 (1580 turns).

Jamjie98 the Firebug (Draconian Fire Elementalist)  Turns: 1580, Time: 00:08:41

Health: -1/26      AC:  5    Str: 10    XL:     3   Next: 17%
Magic:  6/6        EV: 12    Int: 16    God:
Gold:   89         SH:  0    Dex: 11    Spells: 6/7 levels left

rFire    . . .     SeeInvis .   c - +0 hand axe
rCold    . . .     Gourm    .   (no shield)
rNeg     . . .     Faith    .   (armour unavailable)
rPois    .         Spirit   .   (helmet restricted)
rElec    .         Reflect  .   (no cloak)
rCorr    .         Harm     .   (no gloves)
MR       .....                  (no boots)
Stlth    ++........             (no amulet)
HPRegen  0.08/turn              (no ring)
MPRegen  0.10/turn              (no ring)

@: no status effects
A: unfitting armour, cold-blooded, AC +5
a: no special abilities


You were on level 2 of the Dungeon.
You were not hungry.

You visited 1 branch of the dungeon, and saw 2 of its levels.

You collected 89 gold pieces.

Inventory:

Hand Weapons
 a - a +0 dagger
 c - a +0 hand axe (weapon)
 e - a +0 hand axe
 g - a +0 whip
 i - a +0 club
Missiles
 d - 5 stones (quivered)
Armour
 f - a +0 robe
 j - a +0 robe
Scrolls
 h - a scroll of identify
Comestibles
 b - 5 rations


   Skills:
 + Level 0.2 Axes
 + Level 2.0 Dodging
 + Level 1.8 Stealth
 + Level 2.5 Spellcasting
 + Level 1.1 Conjurations
 + Level 3.6 Fire Magic


You had 6 spell levels left.
You knew the following spells:

 Your Spells              Type           Power        Failure   Level  Hunger
a - Flame Tongue          Conj/Fire      #....        8%          1    #......

Your spell library contained the following spells:

 Spells                   Type           Power        Failure   Level  Hunger
 Throw Flame              Conj/Fire      #.....       11%         2    ##.....
 Conjure Flame            Conj/Fire      #.......     22%         3    ###....
 Inner Flame              Hex/Fire       #.......     28%         3    ###....
 Sticky Flame             Conj/Fire      #.......     58%         4    #####..
 Fireball                 Conj/Fire      #.........   90%         5    ######.


Dungeon Overview and Level Annotations

Branches:
Dungeon (2/15)

Altars:


Innate Abilities, Weirdness & Mutations

Your plain brown scales are hard. (AC +5)
You cannot fit into any form of body armour.
You are cold-blooded and may be slowed by cold attacks.


Message History

The arrow hits you!
Found 18 poisoned needles.
You see here an arrow.
The centaur shoots an arrow.
The arrow hits you.
Things that are here:
an arrow; 13 gold pieces The centaur shoots an arrow.
The arrow barely misses you.
You see here an arrow.
Found a fizzy yellow potion.
Found 4 gold pieces.
Found a ring mail.
You now have 89 gold pieces (gained 4).
The centaur is too close now for your liking.
An adder comes into view.
The centaur shoots an arrow.
The arrow misses you.
The adder moves out of view.
Your magical contamination has completely faded away.
The centaur shoots an arrow.
The arrow barely misses you.
The centaur shoots an arrow.
The arrow hits you!
Ouch! That really hurt!
You die...

.......(c...# #......#.#
...#.#......####.(..##.#
...#.###.........##.##.#
...#.# .. .......##.#
#... ..........# .##.
###..#..#.# #...#c...#
...###........#
.......@......#
##...#......#.# ...
###......# . #(.....#
#......# .... .#
[........ .... .##
##..##..... ....#...
##.. .#... .......


You could see a centaur.

Vanquished Creatures
  3 dart slugs
  3 leopard geckos (D:1)
  A ball python (D:1)
  4 bats (D:1)
  A giant cockroach (D:1)
  2 goblins
  2 hobgoblins (D:1)
  2 jackals (D:2)
  3 frilled lizards (D:1)
  A kobold (D:1)
  5 rats (D:1)
27 creatures vanquished.

Notes
Turn   | Place    | Note
-------+----------+-------------------------------------------
     0 | D:1      | Jamjie98 the Draconian Fire Elementalist began the quest
                  | for the Orb.
     0 | D:1      | Reached XP level 1. HP: 14/14 MP: 3/3
   214 | D:1      | Reached XP level 2. HP: 18/20 MP: 3/5
   686 | D:1      | Reached XP level 3. HP: 26/26 MP: 3/6
   918 | D:2      | Noticed a centaur
  1580 | D:2      | Shot with an arrow by a centaur

Skill      XL: |  1  2 |
---------------+-------+-----
Dodging        | 2 |  2.0
Axes           | |  0.2
Stealth        | |  1.8
Spellcasting   | |  2.5
Conjurations   | |  1.1
Fire Magic     | |  3.6

Action                   || total
-------------------------++-------
Melee: Hand axe          ||     7
 Cast: Flame Tongue      ||    40
  Use: Potion            ||     1
       Scroll            ||     1
  Eat: Ration            ||     1
Armor: Skin              ||     9
Dodge: Dodged            ||    24
